 Dungeon Crawl Stone Soup version 0.26-a0-1080-g4c0aae810e (webtiles) character file.

Game seed: 7889292729087364780

406924 nuthulu the Impregnable (level 23, -7/160 HPs)
             Began as a Gargoyle Fighter on Dec 14, 2020.
             Was the Champion of Okawaru.
             Splashed by a deep elf sorcerer's acid (19 damage)
             ... on level 5 of the Vaults.
             The game lasted 01:22:41 (54053 turns).

nuthulu the Impregnable (Gargoyle Fighter)         Turns: 54053, Time: 01:22:44

Health: -7/160     AC: 59    Str: 26    XL:     23   Next: 7%
Magic:  29/29      EV: 14    Int: 12    God:    Okawaru [******]
Gold:   2388       SH: 16    Dex: 10    Spells: 22/22 levels left

rFire    + + .     SeeInvis +   W - +7 morningstar "Rimun" {flame, rC+}
rCold    + + +     Faith    .   Z - +2 shield of Resistance {rF++ rC++ Will++}
rNeg     + + .     Spirit   .   O - +10 plate armour {rPois}
rPois    ∞         Reflect  .   p - +2 helmet {SInv}
rElec    +         Harm     .   r - +2 cloak
rCorr    .         Rampage  .   R - +2 pair of gloves {archery}
Will     +++++                  J - +2 pair of boots {run}
Stlth    ..........             o - amulet of the acrobat
HPRegen  0.36/turn              G - ring "Pedeat" {rElec Will+ Slay+5 SInv}
MPRegen  0.21/turn              s - ring of positive energy

@: corroded, flying, studying 2 skills, quick
A: big wings, claws 1, hooves 1, strong-willed 1, negative energy resistance 1,
electricity resistance, unbreathing, petrification resistance, miasma immunity,
AC +17
}: 3/15 runes: barnacled, silver, gossamer
a: Stop Flying, Heroism, Finesse, Renounce Religion


You were on level 5 of the Vaults.
You worshipped Okawaru.
Okawaru was exalted by your worship.
You visited 6 branches of the dungeon, and saw 35 of its levels.
You also visited: Ossuary.

You collected 4590 gold pieces.
You spent 2202 gold pieces at shops.

Inventory:

Hand Weapons
 a - a +9 vorpal flail
 y - the +4 mace "Zummiyll" {flame, Will+ Str+3 Stlth+}
   (You found it on level 5 of the Dungeon)

   It has been specially enchanted to burn those struck by it, causing extra
   injury to most foes and up to half again as much damage against particularly
   susceptible opponents.
   It affects your strength (+3).
   It affects your willpower, your defense against some magical effects.
   It makes you more stealthy.
 W - the +7 morningstar "Rimun" (weapon) {flame, rC+}
   (You took it off an orc knight on level 14 of the Dungeon)

   It has been specially enchanted to burn those struck by it, causing extra
   injury to most foes and up to half again as much damage against particularly
   susceptible opponents.
   It protects you from cold.
 Y - a +7 eveningstar of holy wrath
Armour
 p - a +2 helmet of see invisible (worn)
 r - a +2 cloak (worn)
 C - the +2 pair of boots "Haohecza" {Will++ Int+5 Dex-4}
   (You bought it in a shop on level 2 of the Orcish Mines)

   It affects your intelligence (+5).
   It affects your dexterity (-4).
   It affects your willpower, your defense against some magical effects.
 J - a +2 pair of boots of running (worn)
 O - a +10 plate armour of poison resistance (worn)
 R - a +2 pair of gloves of archery (worn)
 Z - the +2 shield of Resistance (worn) {rF++ rC++ Will++}
   (You took it off a merfolk on level 4 of the Shoals)

   It greatly protects you from fire.
   It greatly protects you from cold.
   It affects your willpower, your defense against some magical effects.
Jewellery
 h - a +6 ring of dexterity
 o - an amulet of the acrobat (around neck)
 s - a ring of positive energy (right hand)
 A - an uncursed ring of protection from cold
 G - the ring "Pedeat" (left hand) {rElec Will+ Slay+5 SInv}
   (You bought it in a shop on level 2 of the Orcish Mines)

   [ring of see invisible]

   It affects your accuracy and damage with ranged weapons and melee attacks
   (+5).
   It insulates you from electricity.
   It affects your willpower, your defense against some magical effects.
   It lets you see invisible.
 L - an uncursed ring of resist corrosion
 T - an uncursed ring of willpower
Wands
 b - a wand of iceblast (48)
 w - a wand of polymorph (14)
 x - a wand of acid (14)
 z - a wand of random effects (50)
 H - a wand of flame (51)
 I - a wand of disintegration (17)
 M - a wand of digging (16)
 U - a wand of paralysis (19)
Scrolls
 l - 11 scrolls of remove curse
 n - 2 scrolls of blinking
 q - 18 scrolls of teleportation
 t - 5 scrolls of fear
 v - a scroll of brand weapon
 E - 8 scrolls of fog
 K - 2 scrolls of magic mapping
 Q - 2 scrolls of identify
 S - 3 scrolls of amnesia
 X - 2 scrolls of silence
Potions
 d - 4 potions of might
 e - 12 potions of brilliance
 f - 8 potions of lignification
 g - 4 potions of heal wounds
 i - 5 potions of magic
 j - 12 potions of ambrosia
 k - 13 potions of curing
 m - 4 potions of invisibility
 u - 8 potions of haste
 B - 5 potions of attraction
 D - 9 potions of mutation
 F - 6 potions of berserk rage
 N - 3 potions of cancellation
 P - 2 potions of resistance
Books
 c - a manual of Evocations
 V - a manual of Unarmed Combat


   Skills:
 + Level 21.5 Fighting
 - Level 18.2 Maces & Flails
 * Level 22.4 Armour
 - Level 13.0 Dodging
 - Level 15.0 Shields
 - Level 8.9 Invocations


You had 22 spell levels left.
You didn't know any spells.
Your spell library contained the following spells:

 Spells                   Type           Power        Failure   Level
 Foxfire                  Conj/Fire      #...         80%         1
 Magic Dart               Conj           #...         80%         1
 Shock                    Conj/Air       #...         80%         1
 Summon Small Mammal      Summ           #...         80%         1
 Blink                    Tloc           N/A          91%         2
 Call Imp                 Summ           #.......     91%         2
 Corpse Rot               Necr/Air       N/A          91%         2
 Passwall                 Tmut/Erth      #.......     91%         2
 Poisonous Vapours        Pois/Air       #.....       91%         2
 Slow                     Hex            #.......     91%         2
 Swiftness                Air            #.......     91%         2
 Call Canine Familiar     Summ           #.......     99%         3
 Confusing Touch          Hex            #.......     99%         3
 Conjure Flame            Conj/Fire      #.......     99%         3
 Gell's Gravitas          Tloc           #.........   99%         3
 Ignite Poison            Fire/Tmut/Pois #.......     99%         3
 Lesser Beckoning         Tloc           #.........   99%         3
 Mephitic Cloud           Conj/Pois/Air  #.......     99%         3
 Static Discharge         Conj/Air       #.......     99%         3
 Stone Arrow              Conj/Erth      #.....       99%         3
 Summon Guardian Golem    Hex/Summ       #.......     99%         3
 Teleport Other           Tloc           #.......     99%         3
 Airstrike                Air            #.........   100%        4
 Animate Dead             Necr           #.........   100%        4
 Cause Fear               Hex            #.........   100%        4
 Ice Form                 Ice/Tmut       #.......     100%        4
 Passage of Golubria      Tloc           N/A          100%        4
 Petrify                  Tmut/Erth      #.......     100%        4
 Summon Ice Beast         Ice/Summ       #.......     100%        4
 Summon Lightning Spire   Summ/Air       #.......     100%        4
 Alistair's Intoxication  Tmut/Pois      #........    100%        5
 Bolt of Magma            Conj/Fire/Erth #.........   100%        5
 Borgnjor's Vile Clutch   Necr/Erth      #.........   100%        5
 Irradiate                Conj/Tmut      #.........   100%        5
 Iskenderun's Battlesphe  Conj           #.......     100%        5
 Lee's Rapid Deconstruct  Erth           #.........   100%        5
 Lightning Bolt           Conj/Air       #.........   100%        5
 Metabolic Englaciation   Hex/Ice        #.........   100%        5
 Silence                  Hex/Air        #.........   100%        5
 Summon Demon             Summ           #.........   100%        5
 Summon Forest            Summ/Tloc      #.........   100%        5
 Summon Mana Viper        Hex/Summ       #.......     100%        5
 Yara's Violent Unravell  Hex/Tmut       #.........   100%        5
 Conjure Ball Lightning   Conj/Air       #.........   100%        6
 Death Channel            Necr           #.........   100%        6
 Eringya's Noxious Bog    Tmut/Pois      #.........   100%        6
 Freezing Cloud           Conj/Ice/Air   #.........   100%        6
 Hydra Form               Tmut           #.........   100%        6
 Invisibility             Hex            #.......     100%        6
 Iron Shot                Conj/Erth      #.........   100%        6
 Ozocubu's Refrigeration  Ice            #.........   100%        6
 Shadow Creatures         Summ           N/A          100%        6
 Simulacrum               Ice/Necr       #.........   100%        6
 Dragon Form              Tmut           #.........   100%        7
 Orb of Destruction       Conj           #.........   100%        7
 Spellforged Servitor     Conj/Summ      #.........   100%        7
 Summon Hydra             Summ           #.........   100%        7
 Discord                  Hex            #.........   100%        8
 Dragon's Call            Summ           #.........   100%        9
 Tornado                  Air            #.........   100%        9
 Sublimation of Blood     Necr           Unusable     N/A         2

Dungeon Overview and Level Annotations

Branches:
Dungeon (14/15)            Temple (0/1) D:4            Lair (6/6) D:11
 Shoals (4/4) Lair:2       Spider (4/4) Lair:3        Slime (0/5) Lair:6
    Orc (2/2) D:11            Elf (0/3) Orc:2        Vaults (5/5) D:14
  Crypt (0/3) Vaults:2    Ossuary (visited)

Altars:
Dithmenos
Elyvilon
Kikubaaqudgha
Makhleb
Okawaru
Sif Muna
Trog
Uskayaw
Vehumet
Wu Jian
Xom

Shops:
D:7 ?   D:11 (   D:13 =[:=   Orc:2 *}?![*?   Shoals:1 =   Vaults:5 [

Annotations:
D:13 3 runed translucent doors, Vistra's ghost, novice TrAK


Innate Abilities, Weirdness & Mutations

You are resistant to torment.
Your stone body is resilient. (AC +17)
You are immune to poison.
Your large and strong wings let you fly indefinitely.
You resist negative energy. (rN+)
You are resistant to electric shocks. (rElec)
You can survive without breathing.
You are immune to petrification.
You are immune to miasma.
You have sharp fingernails.
You have large cloven feet.
You are strong-willed. (Will+)


Message History

Your surroundings suddenly seem different.
You start resting.
You are no longer corroded.
You start resting.
A deep elf sorcerer is nearby!
The deep elf sorcerer shouts!
The deep elf sorcerer gestures wildly while chanting.
The deep elf sorcerer seems to speed up.
You barely miss the deep elf sorcerer.
The deep elf sorcerer hits you but does no damage.
You sock the deep elf sorcerer! You burn the deep elf sorcerer.
The deep elf sorcerer is lightly wounded.
The deep elf sorcerer hits you but does no damage.
You sock the deep elf sorcerer! You burn the deep elf sorcerer.
The deep elf sorcerer is heavily wounded.
The deep elf sorcerer points at you and mumbles some strange words.
The bolt of acid hits you!!
* * * LOW HITPOINT WARNING * * *
The acid corrodes you!
You are splashed with acid!!
You die...

...###....###....###...##..#
....#......#......#..)..#..#
............†....).(..((#..#
.....................)))#..#
....#......#......#........#
#######################)...#
...........................#
...........................#
................@e.........#
...........................#
#######################....#
...........................#
#.#.#.#.#.#.#.#.#.#.#.#.#..#
........................#..#
#.##.##..##.##.(##.##.#.#..#
..##.##..##.##(.##.##...#..#
#...[......)......|...#.# .#


You could see a deep elf sorcerer (fast).

Vanquished Creatures
  3 ancient liches
  Mennas (Vaults:2)
  Mara (Shoals:3)
  The ghost of Life0 the Impregnable, a veteran MiBe of Trog (Vaults:4)
  A golden dragon (Vaults:5)
  Rupert (D:14)
  Jorgrun (D:11)
  3 tentacled monstrosities
  4 liches
  2 krakens
  4 titans
  Gastronok (Lair:3)
  2 sphinxes
  6 tengu reavers
  4 shadow dragons (Vaults:5)
  2 storm dragons (Vaults:5)
  2 fire giants (Vaults:5)
  An iron dragon (Vaults:4)
  The ghost of Qetamic the Eclecticist, a journeyman DEVM of Vehumet (Shoals:2)
  3 ghost moths
  14 vault wardens
  A frost giant (Vaults:5)
  2 orc warlords
  A curse skull (Vaults:2)
  8 emperor scorpions
  A deep elf elementalist (Vaults:5)
  A ghoul (Vaults:2)
  A war gargoyle (Vaults:1)
  3 vampire knights (Vaults:2)
  9 stone giants
  Nessos (Orc:1)
  11 ironheart preservers
  A deep elf demonologist (Vaults:2)
  The ghost of loralnil the Martial Artist, a journeyman GnTm of Cheibriados (D:14)
  5 deep elf annihilators
  A yellow draconian (Vaults:2)
  3 entropy weavers
  3 spark wasps
  Snorg (D:10)
  A deep elf death mage (Vaults:2)
  6 merfolk javelineers
  An ettin (shapeshifter) (D:14)
  3 ettins
  7 merfolk impalers
  Josephine (D:14)
  9 slime creatures
  2 deep elf high priests
  2 great orbs of eyes
  2 rakshasas
  Fannar (D:10)
  A fire dragon (Vaults:2)
  6 hydras
  14 yaktaur captains
  35 vault guards
  3 catoblepae
  7 ice dragons
  6 boulder beetles
  2 alligator snapping turtles
  3 death knights
  10 merfolk aquamancers
  29 two-headed ogres
  4 merfolk avatars
  2 two-headed ogres (shapeshifter)
  3 tengu warriors (D:14)
  9 death yaks
  11 centaur warriors
  A satyr (Shoals:2)
  A deep troll earth mage (Vaults:3)
  3 deep troll shamans
  A vampire mage (Vaults:2)
  A shock serpent (shapeshifter) (Vaults:4)
  11 ogre magi
  8 deep elf knights
  2 shadow wraiths
  A fire crab (shapeshifter) (Vaults:3)
  10 skeletal warriors
  2 deep trolls (Vaults:3)
  8 sea snakes
  3 unseen horrors
  7 deep elf archers
  9 ironbrand convokers
  3 wizards
  A lindwurm (shapeshifter) (D:14)
  15 orc knights
  A shadow dragon zombie (Vaults:5)
  7 phantasmal warriors
  A wolf spider (shapeshifter) (Vaults:5)
  A tengu zombie (Vaults:5)
  23 orb spiders
  10 fauns
  2 lindwurms
  A necromancer (Vaults:4)
  13 ugly things
  10 cyclopes
  22 harpies
  A cyclops (shapeshifter) (D:14)
  4 orc sorcerers
  17 deep elf magi
  35 wolf spiders
  8 manticores
  A shining eye (shapeshifter) (Vaults:4)
  Maurice (D:11)
  A black mamba (shapeshifter) (Vaults:3)
  11 merfolk sirens
  3 black mambas
  8 elephants (Lair:6)
  3 moths of wrath
  4 water nymphs
  A guardian serpent (shapeshifter) (Vaults:2)
  A torpor snail (Spider:2)
  6 vault sentinels
  2 naga magi (Vaults:4)
  13 cane toads
  A storm dragon simulacrum (Vaults:1)
  A rime drake (shapeshifter) (Vaults:1)
  Maggie (D:6)
  4 centaur skeletons
  4 rime drakes
  2 gargoyles
  28 yaktaurs
  4 demonic crawlers
  3 kobold demonologists
  13 komodo dragons
  4 freezing wraiths
  4 polar bears
  6 wind drakes
  A tengu conjurer (D:14)
  A queen bee (shapeshifter) (Vaults:3)
  6 trolls
  A hornet (shapeshifter) (Vaults:1)
  47 merfolk
  3 meliai (Spider:1)
  13 hornets
  A queen bee (Spider:1)
  17 blink frogs
  A wind drake (shapeshifter) (Vaults:5)
  21 jumping spiders
  21 tarantellas
  13 snapping turtles
  A redback (shapeshifter) (Vaults:4)
  13 water elementals
  A spriggan (shapeshifter) (Vaults:3)
  A tarantella (shapeshifter) (Vaults:1)
  9 wraiths
  81 redbacks
  46 yaks
  A shadow (D:11)
  A vampire (D:11)
  10 wyverns
  A human (shapeshifter) (D:13)
  A steam dragon (D:9)
  Eustachio (D:4)
  3 vampire mosquitoes (D:11)
  14 humans (D:14)
  5 wargs
  10 basilisks
  2 insubstantial wisps (D:9)
  20 water moccasins
  3 acid dragons
  A soldier ant (D:12)
  7 ice beasts
  27 orc warriors
  An eye of draining (D:11)
  6 sky beasts
  4 black bears
  11 wolves
  49 ogres
  An elf skeleton (Vaults:5)
  23 centaurs
  4 boggarts (Vaults:1)
  5 elf zombies (Ossuary)
  A big kobold (shapeshifter) (D:14)
  21 bullfrogs
  Blork the orc (D:4)
  5 big kobolds
  A wyvern zombie (D:13)
  2 water moccasin skeletons
  4 scorpions
  34 killer bees
  4 howler monkeys
  20 wights
  6 electric eels
  4 centaur zombies
  Crazy Yiuf (D:3)
  22 orc wizards
  A bullfrog skeleton (D:13)
  15 orc priests
  6 hounds
  18 jellies
  Ijyb (D:5)
  Jessica (D:2)
  Natasha (thrice) (D:4)
  2 iguanas (D:11)
  4 worker ants
  3 hell rats (Lair:5)
  A big kobold zombie (Ossuary)
  A hound zombie (D:9)
  2 mummies (Ossuary)
  A worker ant zombie (D:9)
  4 river rats (Lair:5)
  15 adders
  A howler monkey skeleton (D:6)
  A shadow imp (D:7)
  4 white imps
  An ufetubus (D:5)
  3 oozes
  2 worm zombies (D:8)
  An adder skeleton (D:9)
  4 adder zombies
  2 worms
  A dart slug (D:1)
  6 leopard geckos
  59 orcs
  8 giant cockroaches
  9 goblins
  7 hobgoblins
  5 jackals (D:7)
  4 quokkas
  2 ball pythons (D:3)
  8 bats
  5 frilled lizards
  A goblin zombie (Ossuary)
  9 hobgoblin zombies
  41 kobolds
  5 kobold zombies (Ossuary)
  12 orc zombies (Ossuary)
  2 quokka skeletons
  14 rats
  A rat zombie (Ossuary)
1596 creatures vanquished.

Vanquished Creatures (others)
  An ogre mage (Orc:2)
  3 deep elf magi
  A merfolk (Shoals:2)
  A redback (Spider:2)
  A centaur (Vaults:1)
  3 orcs
  19 fungi
  77 plants
  8 tentacles
114 creatures vanquished.

Grand Total: 1710 creatures vanquished

Notes
Turn   | Place    | Note
-------+----------+-------------------------------------------
     0 | D:1      | nuthulu the Gargoyle Fighter began the quest for the Orb.
     0 | D:1      | Reached XP level 1. HP: 14/14 MP: 1/1
    65 | D:1      | Found a shimmering altar of Xom.
   115 | D:1      | Reached XP level 2. HP: 19/19 MP: 2/2
   694 | D:1      | Reached XP level 3. HP: 22/24 MP: 3/3
  1113 | D:2      | Reached XP level 4. HP: 21/30 MP: 4/4
  1387 | D:2      | Noticed Jessica
  1396 | D:2      | Killed Jessica
  1486 | D:2      | Reached XP level 5. HP: 27/34 MP: 5/5
  1799 | D:3      | Reached skill level 5 in Fighting
  1945 | D:3      | Found an iron altar of Okawaru.
  1945 | D:3      | Found a hide-covered altar of Uskayaw.
  1960 | D:3      | Became a worshipper of Warmaster Okawaru
  2366 | D:3      | Found a runed translucent door.
  2367 | D:3      | Noticed Crazy Yiuf
  2404 | D:3      | Killed Crazy Yiuf
  2676 | D:4      | Found a white marble altar of Elyvilon.
  2772 | D:4      | Found an ornate altar of the Wu Jian Council.
  2846 | D:4      | Noticed Eustachio
  2850 | D:4      | Reached XP level 6. HP: 35/40 MP: 6/6
  2869 | D:4      | Killed Eustachio
  2870 | D:4      | Reached skill level 5 in Maces & Flails
  2983 | D:4      | Found a shadowy altar of Dithmenos.
  2991 | D:4      | Reached * piety under Okawaru
  2994 | D:4      | Noticed Natasha
  3009 | D:4      | Killed Natasha
  3193 | D:4      | Found a staircase to the Ecumenical Temple.
  3206 | D:4      | Reached XP level 7. HP: 47/47 MP: 7/7
  3206 | D:4      | Noticed Natasha
  3206 | D:4      | Noticed Blork the orc
  3236 | D:4      | Killed Natasha
  3288 | D:4      | Killed Blork the orc
  3319 | D:4      | Found a burning altar of Makhleb.
  3646 | D:4      | Noticed Natasha
  3653 | D:4      | Killed Natasha
  3820 | D:5      | Entered Level 5 of the Dungeon
  4159 | D:5      | Found a shimmering blue altar of Sif Muna.
  4204 | D:5      | Got a pitted mace
  4305 | D:5      | Noticed Ijyb
  4320 | D:5      | Killed Ijyb
  4365 | D:5      | Found a glowing drain.
  4874 | D:6      | Reached XP level 8. HP: 50/53 MP: 8/8
  4874 | D:6      | Identified the +4 mace "Zummiyll" {flame, Will+ Str+3
                  | Stlth+} (You found it on level 5 of the Dungeon)
  5105 | D:6      | Reached ** piety under Okawaru
  5744 | D:6      | Noticed Maggie
  5768 | D:6      | Killed Maggie
  5769 | D:6      | Reached XP level 9. HP: 40/61 MP: 9/9
  5931 | D:6      | Reached *** piety under Okawaru
  6441 | D:7      | Reached skill level 10 in Fighting
  6805 | D:7      | Found Vioq's Magic Scroll Shoppe.
  6808 | D:7      | Bought a scroll of enchant armour for 105 gold pieces
  6810 | D:7      | Bought a scroll of identify for 28 gold pieces
  7408 | D:7      | Found a bloodstained altar of Trog.
  7412 | D:7      | Reached **** piety under Okawaru
  7557 | D:8      | Reached XP level 10. HP: 65/69 MP: 10/10
  7563 | D:8      | Reached skill level 10 in Maces & Flails
  7658 | D:8      | Noticed a two-headed ogre
  7679 | D:8      | Killed a two-headed ogre
  7904 | D:8      | Found a sand-covered staircase.
  7924 | Ossuary  | Entered an ossuary
  8090 | Ossuary  | Reached ***** piety under Okawaru
  8208 | D:8      | Found a radiant altar of Vehumet.
  8341 | D:8      | Got a fine golden ring
  8343 | D:8      | Identified the ring "Lyiptun" {Wiz *Corrode Will+ Str+2}
                  | (You found it on level 8 of the Dungeon)
  8378 | D:8      | Received a gift from Okawaru
  8381 | D:8      | Got an encrusted buckler {god gift}
  8392 | D:8      | Identified the +1 buckler of Lifelessness {rN+} (Okawaru
                  | gifted it to you on level 8 of the Dungeon)
  9175 | D:9      | Reached XP level 11. HP: 76/76 MP: 11/11
  9308 | D:9      | Found an ancient bone altar of Kikubaaqudgha.
  9908 | D:10     | Entered Level 10 of the Dungeon
 10073 | D:10     | Noticed Snorg
 10107 | D:10     | Noticed Fannar
 10609 | D:10     | Killed Snorg
 11057 | D:10     | Killed Fannar
 11255 | D:10     | Received a gift from Okawaru
 11319 | D:10     | Found a white marble altar of Elyvilon.
 11549 | D:11     | Found Demp's Antique Weapon Emporium.
 11565 | D:11     | Identified a +2 pair of boots of running (You found it on
                  | level 11 of the Dungeon)
 11636 | D:11     | Reached XP level 12. HP: 67/85 MP: 15/15
 11702 | D:11     | Found a staircase to the Lair.
 11921 | D:11     | Reached skill level 5 in Invocations
 12103 | D:11     | Found a staircase to the Orcish Mines.
 12907 | Lair:1   | Entered Level 1 of the Lair of Beasts
 12972 | Lair:1   | Received a gift from Okawaru
 14059 | Lair:1   | Noticed an eight-headed hydra
 14080 | Lair:1   | Killed an eight-headed hydra
 14159 | Lair:1   | Reached skill level 15 in Fighting
 14704 | Lair:2   | Received a gift from Okawaru
 14817 | Lair:2   | Reached XP level 13. HP: 78/92 MP: 18/18
 15398 | Lair:2   | Found a staircase to the Shoals.
 15764 | Lair:3   | Noticed Gastronok
 15778 | Lair:3   | Killed Gastronok
 16133 | Lair:3   | Reached ****** piety under Okawaru
 16297 | Lair:3   | Found a hole to the Spider Nest.
 16461 | Lair:3   | Reached skill level 4 in Armour
 17340 | Lair:3   | Reached skill level 5 in Armour
 17340 | Lair:3   | Reached skill level 5 in Shields
 17753 | Lair:4   | Reached skill level 6 in Armour
 17768 | Lair:4   | Received a gift from Okawaru
 18123 | Lair:4   | Reached skill level 7 in Armour
 18359 | Lair:4   | Gained mutation: Your large and strong wings let you fly
                  | indefinitely. [Gargoyle growth]
 18359 | Lair:4   | Reached XP level 14. HP: 97/98 MP: 20/20
 19005 | Lair:5   | Reached skill level 8 in Armour
 20071 | Lair:6   | Entered Level 6 of the Lair of Beasts
 20437 | Lair:6   | Reached skill level 9 in Armour
 20884 | Lair:6   | Found a staircase to the Slime Pits.
 21091 | Lair:6   | Received a gift from Okawaru
 21653 | Lair:6   | Reached skill level 10 in Armour
 21653 | Lair:6   | Reached skill level 10 in Shields
 22374 | Orc:1    | Entered Level 1 of the Orcish Mines
 22375 | Orc:1    | Noticed Jorgrun
 22379 | Orc:1    | Noticed Maurice
 22383 | Orc:1    | Noticed an orc warlord
 22404 | D:11     | Killed Maurice
 22629 | D:10     | Killed an orc warlord
 22894 | D:11     | Received a gift from Okawaru
 22905 | D:11     | Killed Jorgrun
 22906 | D:11     | Reached skill level 11 in Armour
 23562 | Orc:2    | Entered Level 2 of the Orcish Mines
 23563 | Orc:2    | Found Guluw's Assorted Antiques.
 23575 | Orc:1    | Reached XP level 15. HP: 103/103 MP: 21/21
 23881 | Orc:2    | Noticed an orc warlord
 24167 | Orc:1    | Killed an orc warlord
 24168 | Orc:1    | Reached skill level 12 in Armour
 24467 | Orc:2    | Found a staircase to the Elven Halls.
 24469 | Orc:2    | Bought a viscous orange potion for 19 gold pieces
 24479 | Orc:2    | Received a gift from Okawaru
 24521 | Orc:2    | Noticed Nessos
 24771 | Orc:1    | Killed Nessos
 25463 | Orc:2    | Found Geblid Wuwu's Gadget Emporium.
 25463 | Orc:2    | Found Fifify's Magic Scroll Shop.
 25464 | Orc:2    | Found Luzav's Distillery.
 25464 | Orc:2    | Found Soong's Antique Armour Shoppe.
 25513 | Orc:2    | Paralysed by an ogre mage for 6 turns
 25737 | Orc:2    | Paralysed by an orc sorcerer for 4 turns
 25811 | Orc:2    | Bought a pair of distressingly furry boots for 237 gold
                  | pieces
 25811 | Orc:2    | Identified the +2 pair of boots "Haohecza" {Will++ Int+5
                  | Dex-4} (You bought it in a shop on level 2 of the Orcish
                  | Mines)
 25813 | Orc:2    | Bought a scroll of enchant armour for 82 gold pieces
 25813 | Orc:2    | Bought a scroll of enchant weapon for 82 gold pieces
 25813 | Orc:2    | Bought a scroll of enchant armour for 82 gold pieces
 25813 | Orc:2    | Bought 2 scrolls of enchant weapon for 165 gold pieces
 25932 | Orc:2    | Bought a potion of heal wounds for 60 gold pieces
 26075 | Orc:1    | Reached skill level 13 in Armour
 26225 | Orc:2    | Paralysed by an orc sorcerer for 5 turns
 26893 | Orc:2    | Found Qyzyol Ladi's General Store.
 26896 | Orc:2    | Found Cekhlik's Magic Scroll Shoppe.
 26901 | Orc:2    | Bought the ring "Pedeat" {rElec Will+ Slay+5 SInv} for 556
                  | gold pieces
 26906 | Orc:2    | Bought a scroll of enchant armour for 90 gold pieces
 27473 | D:13     | Found Dakel's Book Shoppe.
 27493 | D:13     | Found Qoxtauli's Antique Armour Shoppe.
 27498 | D:13     | Bought a shiny helmet for 240 gold pieces
 27538 | D:13     | Noticed Vistra's ghost (novice TrAK)
 27539 | D:13     | Noticed a frost giant
 27586 | D:13     | Found Siosimot's Jewellery Shop.
 27870 | D:13     | Found Giskol's Jewellery Shop.
 27979 | D:13     | Found a runed translucent gate.
 27979 | D:13     | Found a runed translucent gate.
 27979 | D:13     | Found a runed translucent gate.
 28007 | D:13     | Received a gift from Okawaru
 28512 | D:14     | Noticed Josephine
 28537 | D:14     | Killed Josephine
 28538 | D:14     | Reached XP level 16. HP: 101/108 MP: 22/22
 28653 | D:14     | Reached skill level 14 in Armour
 28722 | D:14     | Found a transporter.
 28725 | D:14     | Found a bloodstained altar of Trog.
 28725 | D:14     | Noticed loralnil's ghost (journeyman GnTm)
 28726 | D:14     | Identified the +7 morningstar "Rimun" {flame, rC+}
 28734 | D:14     | Found a transporter.
 28734 | D:14     | Identified the +6 dire flail "Qephuliu" {flame, Will+}
 28816 | D:14     | Killed loralnil's ghost
 28859 | D:14     | Gained mutation: You are clumsy. (Dex -2) [a neqoxec]
 29008 | D:14     | Found a gate to the Vaults.
 29008 | D:14     | Noticed Rupert
 29073 | D:14     | Killed Rupert
 29262 | D:14     | Reached skill level 15 in Maces & Flails
 29345 | D:14     | Received a gift from Okawaru
 29616 | D:14     | Reached skill level 15 in Shields
 30021 | D:14     | Reached skill level 1 in Dodging
 30487 | Shoals:1 | Entered Level 1 of the Shoals
 31117 | Shoals:1 | Received a gift from Okawaru
 31271 | Shoals:1 | Noticed a titan
 31297 | Shoals:1 | Killed a titan
 31298 | Shoals:1 | Reached XP level 17. HP: 99/113 MP: 23/23
 31589 | Shoals:1 | Found Kyurphegy's Jewellery Emporium.
 32206 | Shoals:2 | Found a runed translucent gate.
 32206 | Shoals:2 | Found a runed translucent gate.
 32206 | Shoals:2 | Found a runed translucent gate.
 32206 | Shoals:2 | Noticed Qetamic's ghost (journeyman DEVM)
 32225 | Shoals:2 | Reached skill level 5 in Dodging
 32293 | Shoals:2 | Killed Qetamic's ghost
 32902 | Shoals:3 | Received a gift from Okawaru
 33445 | Shoals:3 | Identified a scroll of acquirement
 33445 | Shoals:3 | Acquired 784 gold pieces
 33497 | Shoals:3 | Noticed Mara
 33513 | Shoals:3 | Noticed nuthulu's illusion
 33655 | Shoals:3 | Killed Mara
 34169 | Shoals:3 | Noticed a kraken
 34184 | Shoals:3 | Killed a kraken
 34474 | Shoals:4 | Entered Level 4 of the Shoals
 35231 | Shoals:4 | Received a gift from Okawaru
 35399 | Shoals:4 | Reached XP level 18. HP: 18/120 MP: 17/24
 35813 | Shoals:4 | Got a barnacled rune of Zot
 37205 | Spider:1 | Entered Level 1 of the Spider Nest
 37213 | Spider:1 | Reached skill level 10 in Dodging
 37920 | Spider:1 | Lost mutation: You are clumsy. (Dex -2) [potion of
                  | mutation]
 37920 | Spider:1 | Gained mutation: You are strong-willed. (Will+) [potion of
                  | mutation]
 37920 | Spider:1 | Gained mutation: You have sharp fingernails. [potion of
                  | mutation]
 37920 | Spider:1 | Gained mutation: You have large cloven feet. [potion of
                  | mutation]
 38090 | Spider:1 | Received a gift from Okawaru
 40047 | Spider:3 | Reached XP level 19. HP: 120/128 MP: 25/25
 41171 | Spider:4 | Entered Level 4 of the Spider Nest
 41425 | Spider:4 | Received a gift from Okawaru
 42173 | Spider:4 | Received a gift from Okawaru
 42197 | Spider:4 | Identified the -5 hat of Indemnity {rN+ Str+6} (Okawaru
                  | gifted it to you on level 4 of the Spider Nest)
 42443 | Spider:4 | Got a gossamer rune of Zot
 42789 | Vaults:1 | Entered Level 1 of the Vaults
 43336 | Vaults:1 | Reached skill level 15 in Armour
 43846 | Vaults:1 | Received a gift from Okawaru
 43873 | Vaults:1 | Reached XP level 20. HP: 98/137 MP: 26/26
 44242 | Vaults:1 | Reached skill level 16 in Armour
 45423 | Vaults:2 | Reached skill level 17 in Armour
 45453 | Vaults:2 | Identified the +3 tower shield "Dacull" {Slay+3 SInv}
 45453 | Vaults:2 | Noticed Mennas
 45585 | Vaults:2 | Received a gift from Okawaru
 45588 | Vaults:2 | Identified the +2 pair of gloves "Ogiqomit" {rC- rN+ Will+
                  | Str+2} (Okawaru gifted it to you on level 2 of the Vaults)
 46046 | Vaults:2 | Killed Mennas
 46291 | Vaults:2 | You are sucked into a shaft and drop 2 floors!
 46499 | Vaults:4 | Reached skill level 18 in Armour
 46560 | Vaults:4 | Found a radiant altar of Vehumet.
 46560 | Vaults:4 | Noticed a lich
 46572 | Vaults:4 | Killed a lich
 46662 | Vaults:4 | Received a gift from Okawaru
 46669 | Vaults:4 | Reached XP level 21. HP: 144/144 MP: 27/27
 47281 | Vaults:2 | Found a staircase to the Crypt.
 48091 | Vaults:2 | Reached skill level 19 in Armour
 48651 | Vaults:3 | Received a gift from Okawaru
 48654 | Vaults:3 | Identified the -1 cloak "Wugukk" {+Fly} (Okawaru gifted it
                  | to you on level 3 of the Vaults)
 49944 | Vaults:4 | Found a runed translucent gate.
 49944 | Vaults:4 | Found a runed translucent gate.
 49944 | Vaults:4 | Found an ancient bone altar of Kikubaaqudgha.
 49944 | Vaults:4 | Noticed an ancient lich
 49944 | Vaults:4 | Noticed an ancient lich
 49944 | Vaults:4 | Noticed Life0's ghost (veteran MiBe)
 49945 | Vaults:4 | Found a runed translucent gate.
 50041 | Vaults:4 | Killed an ancient lich
 50052 | Vaults:4 | Killed an ancient lich
 50059 | Vaults:4 | Reached skill level 20 in Armour
 50118 | Vaults:4 | Received a gift from Okawaru
 50162 | Vaults:4 | Killed Life0's ghost
 50495 | Vaults:4 | Identified the cursed ring "Ryryscha" {+Fly Dex-4 SInv}
                  | (You found it on level 4 of the Vaults)
 50501 | Vaults:4 | Identified the +0 helmet of Compassion {*Slow rC+ rCorr
                  | Dex+3} (You found it on level 4 of the Vaults)
 50682 | Vaults:4 | Received a gift from Okawaru
 50883 | Vaults:5 | Entered Level 5 of the Vaults
 50946 | Vaults:4 | Reached XP level 22. HP: 147/153 MP: 28/28
 51650 | Vaults:5 | Reached skill level 21 in Armour
 51966 | Vaults:5 | Received a gift from Okawaru
 52237 | Vaults:5 | Got a silver rune of Zot
 52292 | Vaults:5 | Found the +3 crown of Dyrovepreva {rElec Int+2 SInv}
 52541 | Vaults:5 | Noticed a golden dragon
 52553 | Vaults:5 | Killed a golden dragon
 52930 | Vaults:5 | Found Litzal's Antique Armour Shop.
 52942 | Vaults:5 | Bought a warped cloak for 456 gold pieces
 52942 | Vaults:5 | Identified the cursed -1 cloak "Askoakk" {rElec Regen+
                  | Str-3 Stlth+} (You bought it in a shop on level 5 of the
                  | Vaults)
 53104 | Vaults:5 | Noticed an ancient lich
 53159 | Vaults:5 | Killed an ancient lich
 53160 | Vaults:5 | Reached skill level 22 in Armour
 53552 | Vaults:5 | Received a gift from Okawaru
 53583 | Vaults:5 | Reached XP level 23. HP: 131/160 MP: 29/29
 53592 | Vaults:5 | Identified the amulet "Sittaore" {Inacc rPois rC- Dex+6}
                  | (You found it on level 5 of the Vaults)
 53931 | Vaults:5 | Noticed an ancient lich
 53947 | Vaults:5 | HP: 4/160 [acid (16)]
 54053 | Vaults:5 | Splashed by a deep elf sorcerer's acid

Illustrated notes

Levels and vault maps discovered:
D:1:      wander_arrival_abandoned_jail, layout_loops_cross, minivault_27,
          xom_teletrap_fun
D:2:      layout_rooms, kennysheep_generic_room_16, uniq_jessica
D:3:      layout_loops_ring, minitemple, uniq_crazy_yiuf_cottage
D:4:      layout_loops_corners, lightli_temple_of_fire, lemuel_round_altar,
          lemuel_crystal_altar, minmay_temple_entry_sparse_star,
          nicolae_dithmenos_the_darkroom, uniq_natasha, uniq_eustachio,
          uniq_blork_the_orc
D:5:      layout_loops_ring, basic_altar, portal_sewer_entry_d,
          nicolae_underground_beach, uniq_ijyb
D:6:      layout_layer_cave, uniq_maggie
D:7:      layout_loops_cross, serial_shops, nicolae_shop_behind_doors,
          minmay_ruined_shrine
D:8:      layout_loops_ring, general_overflow_altar, enter_ossuary_3
D:9:      layout_stronghold, kiku_gazebo_pond_becter, hangedman_misty_isle
D:10:     layout_roguey, elyvilon_altar_3, uniq_fannar, uniq_snorg
D:11:     layout_basic, minmay_lair_entry_grove, minmay_orc_entry_guard_dogs,
          serial_shops, shop, dk_noncrumbling_4, chequers_mini_garden
D:12:     layout_basic
D:13:     layout_basic, serial_shops, shop, kennysheep_little_box,
          nicolae_shop_stone, nicolae_shop_trees, gammafunk_ghost_split
D:14:     minmay_the_grid_octo_triangle [minmay_the_grid_octo_checkered,
          minmay_the_grid_octo_prize_single_spiral,
          minmay_the_grid_octo_pinwheel], layout_cave_pods, david_vaults_3,
          gammafunk_ghost_wrathful_warriors, corexii_corridor_pit,
          uniq_josephine
Lair:1:   layout_regular_city, nicolae_volcano_entry_vermiform, disabler_island,
          serial_bayou_shore_a, grunt_megastairs_4
Lair:2:   layout_cave_pods, shoals_dummy_entry, st_stairs_12,
          columned_hall_lemuel
Lair:3:   layout_roguey, nicolae_spider_entry_orb_guardian,
          chequers_serial_rivers_room_b, grunt_megastairs_5, uniq_gastronok
Lair:4:   layout_small_grid
Lair:5:   layout_gridlike, kennysheep_abandoned_house, lemuel_fruit_tree
Lair:6:   grunt_lair_end_beastmaster, layout_small_grid,
          minmay_slime_entry_jelly_boxes
Shoals:1: cheibrodos_shoals_gigantism, layout_shoals, serial_shops,
          shop_fountains
Shoals:2: layout_shoals, ebering_ghost_rock_garden,
          nicolae_shoals_this_corrosion
Shoals:3: layout_shoals, uniq_mara
Shoals:4: shoals_end_simple, layout_shoals, abandoned_shop
Spider:1: layout_spider_delve, special_room [special_room_bee]
Spider:2: layout_spider_delve
Spider:3: layout_chambers, nicolae_spider_circle_web
Spider:4: guppyfry_spider_rune
Orc:1:    layout_caves, uniq_maurice, uniq_jorgrun, uniq_erica
Orc:2:    st_orc_ogre_mass, layout_caves, serial_shops, shop,
          guppyfry_orc_lava_fort, uniq_rupert, uniq_nessos
Vaults:1: v_rooms_1, hangedman_vaults_trim, nicolae_vaults_asterisk, v_misc_10,
          vaults_dpeg_ring, v_misc_12, vaults_room_ringed_pool, v_rooms_5,
          v_misc_31, ontoclasm_vaults_ring_square, vaults_dpeg_spiral,
          ontoclasm_vaults_ring_small, nicolae_vaults_little_squares_4,
          ontoclasm_vaults_shuriken, layout_vaults_ring
Vaults:2: nicolae_vaults_little_squares_2, minmay_crypt_entry_simple_walls,
          hangedman_vaults_nails, v_misc_3, grunt_vaults_trifunnel,
          st_greater_box_2, nicolae_vaults_network_square, v_misc_11,
          ontoclasm_vaults_spin, grunt_vaults_hallway_short,
          ontoclasm_vaults_ring_large, vaults_dpeg_diagonal,
          ontoclasm_vaults_bender, layout_vaults_maze, uniq_mennas
Vaults:3: v_misc_12, v_alt_pattern_5, vaults_room_fours, ontoclasm_vaults_chip,
          v_misc_8, nicolae_vaults_hallways_thing, vaults_room_stairs_pillars,
          layout_vaults_omnigrid
Vaults:4: gammafunk_vaults_ghost_crypt, hangedman_vaults_river_flow,
          grunt_tower_of_power, v_misc_19, nicolae_vaults_little_ls,
          vaults_room_grid, nicolae_vaults_ninety_degrees, vaults_mumra_lcd,
          vaults_room_hallway, v_misc_17, nicolae_vaults_mini_display_case,
          layout_vaults_omnicross
Vaults:5

Skill      XL: |  1  2  3  4  5  6  7  8  9 10 11 12 13 14 15 16 17 18 19 20 21 22 |
---------------+-------------------------------------------------------------------+-----
Fighting       | 4 5 6 7 9 11 12 14 15 16 17 18 19 20 21 | 21.5
Maces & Flails | 3 4 5 6 8 9 11 12 13 14 16 18 | 18.2
Invocations    | 4 7 8 |  8.9
Armour         | 7 11 13 14 15 18 20 22 | 22.4
Shields        | 7 11 13 15 | 15.0
Dodging        | 4 8 11 13 | 13.0

Action                   |  1- 3 |  4- 6 |  7- 9 | 10-12 | 13-15 | 16-18 | 19-21 | 22-24 || total
-------------------------+-------+-------+-------+-------+-------+-------+-------+-------++-------
Melee: Flail             |   111 |   181 |    83 |       |   271 |   135 |       |       ||   781
       Unarmed           |       |     3 |       |       |       |       |       |       ||     3
       Mace              |       |       |   263 |  1047 |  1444 |       |       |       ||  2754
       Morningstar       |       |       |       |       |       |  1421 |  1688 |   525 ||  3634
Invok: Heroism           |       |       |     3 |     4 |     7 |     7 |     3 |     1 ||    25
       Finesse           |       |       |       |     1 |     1 |     5 |     1 |     1 ||     9
 Abil: Fly               |       |       |       |       |     1 |     1 |       |       ||     2
       Stop Flying       |       |       |       |       |       |     1 |       |       ||     1
  Use: Scroll            |     7 |     7 |    11 |    15 |    16 |    11 |    13 |     6 ||    86
       Potion            |       |     1 |       |     1 |       |     4 |     5 |     1 ||    12
 Stab: Petrified         |       |       |       |       |    29 |       |       |       ||    29
       Petrifying        |       |       |       |       |     1 |       |       |       ||     1
       Invisible         |       |       |       |       |       |       |     5 |       ||     5
Armor: Scale mail        |    61 |   101 |    75 |       |       |       |       |       ||   237
       Plate armour      |       |       |   125 |   542 |   932 |   902 |   976 |   428 ||  3905
Dodge: Dodged            |    31 |    75 |   114 |   244 |   440 |   658 |   756 |   258 ||  2576
Block: Kite shield       |    51 |    99 |   160 |   469 |  1210 |  1390 |  1402 |   452 ||  5233

Table legend: (Time is in decaauts)
 A = Elapsed time spent in this place.
 B = Non-inter-level travel time spent in this place.
 C = Inter-level travel time spent in this place.
 D = Time resting spent in this place.
 E = Time spent auto-exploring this place.
 F = Levels seen in this place.
 G = Mean time per level.
                   A        B        C        D        E       F      G
               +--------+--------+--------+--------+--------+-----+--------+
         Total |  50404 |  48671 |   1733 |  14345 |  21849 |  36 | 1400.1 |
       Dungeon |  16527 |  15877 |    650 |   3755 |   8083 |  14 | 1180.5 |
          Lair |   9170 |   8753 |    417 |   2376 |   4618 |   6 | 1528.3 |
        Shoals |   5755 |   5587 |    168 |   1611 |   2595 |   4 | 1438.8 |
   Spider Nest |   4902 |   4596 |    306 |   1099 |   2263 |   4 | 1225.5 |
  Orcish Mines |   3613 |   3560 |     53 |   2042 |    459 |   2 | 1806.5 |
        Vaults |  10185 |  10049 |    136 |   3459 |   3799 |   5 | 2037.0 |
       Ossuary |    249 |    249 |      0 |      0 |     31 |   1 |  249.0 |
               +--------+--------+--------+--------+--------+-----+--------+

Top non-repeatable levels by time:
Vaults:2: 2647 daAuts
   Orc:1: 2460 daAuts
Shoals:4: 2356 daAuts
Vaults:4: 2182 daAuts
Vaults:5: 2134 daAuts
Vaults:1: 2027 daAuts
    D:11: 1977 daAuts
  Lair:6: 1969 daAuts
    D:14: 1895 daAuts
    D:10: 1811 daAuts
  Lair:1: 1769 daAuts
  Lair:3: 1750 daAuts
     D:6: 1546 daAuts
Spider:3: 1533 daAuts
Shoals:3: 1454 daAuts
